AoeStats
← VidelaMVSS

Coastal Forest

510584556Analyzed
2v2 RM · 15h ago on Oct 1, 2026· 25m 47s· 4 players
Game mode
Random Map
Map size
Medium (4 player)
Population
200
Speed
Normal
Resources
Standard
Victory
Conquest
Starting age
Dark Age
Ending age
Imperial Age
RankedLock teamsTeams togetherTeam positionsShared explorationLock speedFull tech treeHidden civsTurbo modeCheats
Victory
Defeat
🇷🇴 Saracens · Romania
928
+16
🇩🇪 Italians · Germany
893
+18
🇪🇸 Franks · Spain
1000
-60
🇦🇷 Italians · Argentina
871
-15
Bodom
6:19 Loom
12:42 Feudal Age
13:39 Double-Bit Axe
15:16 Horse Collar
16:12 Fishing Lines
22:10 Castle Age
20:31 Bloodlines
21:02 Forging
22:20 Light Cavalry
24:09 Iron Casting
23:40 Scale Barding Armor
23:38 Husbandry
23:49 Gillnets
26:26 Chain Barding Armor
grigore.marinica
2:33 Loom
10:22 Feudal Age
11:10 Double-Bit Axe
19:41 Castle Age
18:45 Fletching
19:21 Horse Collar
23:32 Crossbowman
VidelaMVSS
12:02 Feudal Age
16:26 Double-Bit Axe
16:34 Gold Mining
22:19 Castle Age
24:45 Bow Saw
JCM
7:36 Loom
13:56 Feudal Age
15:28 Double-Bit Axe
18:29 Castle Age
16:11 Horse Collar
17:09 Fletching
19:14 Heavy Plow
19:27 Bow Saw
20:28 Demolition Ship
21:03 Fishing Lines
24:27 Gold Mining
Connection lost

Rejoining the realm…

Still unreachable

The connection could not be restored.

Session expired

The server has moved on; the page needs a fresh start.